 Dungeon Crawl Stone Soup version 0.19.0-2-gae57169 (webtiles) character file.

79 Dioneo the Distorting Demonspawn (level 4, 0/35 HPs)
             Began as a Demonspawn Abyssal Knight on Nov 3, 2016.
             Was a Believer of Lugonu.
             Killed from afar by Sigmund (5 damage)
             ... with a puff of flame
             ... on level 2 of the Dungeon.
             The game lasted 00:04:31 (1561 turns).

Dioneo the Distorting Demonspawn (DsAK)             Turns: 1561, Time: 00:04:32

Health: 0/35       AC:  9    Str: 13    XL:     4   Next: 17%
Magic:  7/7        EV:  6    Int: 14    God:    Lugonu [**....]
Gold:   68         SH:  0    Dex: 12    Spells: 0 memorised, 3 levels left

rFire  . . .     SeeInvis .     a - +1 spear
rCold  . . .     Gourm    .     l - +0 chain mail
rNeg   . . .     Faith    .     (no shield)
rPois  .         Spirit   .     (no helmet)
rElec  .         Reflect  .     (no cloak)
rCorr  .         Harm     .     (no gloves)
MR     .....                    e - +0 pair of boots
Stlth  ..........               (no amulet)
                                (no ring)
                                (no ring)

@: confused, slowed, very slow
A: rot immunity
a: Depart the Abyss, Bend Space, Renounce Religion


You were on level 2 of the Dungeon.
You worshipped Lugonu.
Lugonu was pleased with you.
You were not hungry.

You visited 1 branch of the dungeon, and saw 3 of its levels.
You visited the Abyss 1 time.

You collected 68 gold pieces.

Inventory:

Hand Weapons
 a - a +1 spear (weapon)
Missiles
 i - 3 javelins (quivered)
Armour
 e - a +0 pair of boots (worn)
 l - a +0 chain mail (worn)
Jewellery
 k - an uncursed ring of magical power {unknown}
Scrolls
 b - a scroll of teleportation {unknown}
 g - 2 scrolls of amnesia
 j - 2 scrolls of identify {unknown}
 n - a scroll of enchant weapon {unknown}
Potions
 f - 2 potions of curing {unknown}
 m - a potion of haste {unknown}
 o - a potion of brilliance {unknown}
 p - a potion of cure mutation {unknown}
 q - a potion of lignification {unknown}
Comestibles
 c - a bread ration
 d - 2 slices of pizza


   Skills:
 - Level 3.0 Fighting
 + Level 2.9 Polearms
 - Level 1.7 Armour
 - Level 0.8 Dodging
 + Level 4.6 Invocations


You had 3 spell levels left.
You didn't know any spells.

Dungeon Overview and Level Annotations

Branches:
Dungeon (3/15)

Altars:

Annotations:
D:2 Sigmund


Innate Abilities, Weirdness & Mutations

You are immune to rotting.


Message History

You bump into the rock wall.
A magic dart appears from out of thin air!
The magic dart hits you!
You bump into the rock wall.
You hear a zap.
You feel yourself slow down.
You are more confused.
You bump into the rock wall.
You hear a zap.
Something tries to affect you, but you resist.
You bump into the rock wall.
You hear a zap.
You feel as though you will be slow longer.
A magic dart appears from out of thin air!
The magic dart hits you!
* * * LOW HITPOINT WARNING * * *
You bump into the rock wall.
A puff of flame appears from out of thin air!
The puff of flame hits you!
You die...

#.# #.# #######
#.# ....... #.#
######## #.# #
#...###### #.# #
#.#......# #.#
####...####.####.#
..>...## #(....@#
####### ########


There were no monsters in sight!

Vanquished Creatures
  Ijyb (D:2)
  2 adders (D:2)
  3 dart slugs (D:1)
  2 leopard geckos
  A ball python (D:1)
  A giant cockroach (D:1)
  5 goblins
  4 hobgoblins
  5 kobolds
  2 bats
  A frilled lizard (D:1)
  A rat (D:1)
28 creatures vanquished.

Notes
Turn   | Place    | Note
-------+----------+-------------------------------------------
     0 | Abyss:1  | Dioneo the Demonspawn Abyssal Knight began the quest for the Orb.
     0 | Abyss:1  | Reached XP level 1. HP: 18/18 MP: 2/2
    24 | D:1      | Escaped the Abyss
   309 | D:1      | Reached skill level 3 in Invocations
   309 | D:1      | Gained mutation: You are immune to rotting. [demonic ancestry]
   309 | D:1      | Reached XP level 2. HP: 22/24 MP: 2/4
  1028 | D:1      | Reached ** piety under Lugonu
  1227 | D:2      | Reached skill level 4 in Invocations
  1227 | D:2      | Reached XP level 3. HP: 29/29 MP: 4/6
  1281 | D:2      | Noticed Ijyb
  1310 | D:2      | Killed Ijyb
  1310 | D:2      | Reached XP level 4. HP: 21/35 MP: 7/7
  1451 | D:2      | Noticed Sigmund
  1493 | D:3      | Noticed an ogre
  1561 | D:2      | Killed from afar by Sigmund

Skill      XL: |  1  2 |
---------------+-------+-----
Polearms       | 2 |  2.9
Invocations    | 3 4 |  4.6
Fighting       | |  3.0
Armour         | |  1.7
Dodging        | |  0.8

Action                   |  1- 3 |  4- 6 || total
-------------------------+-------+-------++-------
Melee: Spear             |   113 |    17 ||   130
Invok: Bend Space        |       |     1 ||     1
  Use: Scroll            |     1 |       ||     1
  Eat: Chunk             |     1 |     1 ||     2
Armor: Leather armour    |     4 |       ||     4
       Chain mail        |    45 |    25 ||    70
Dodge: Dodged            |    25 |     4 ||    29
